 Dungeon Crawl Stone Soup version 0.28.0-53-g5a82cb258f (webtiles) character file.

Game seed: 596656179100443443

654 cbfl8 the Chopper (level 7, -1/91 HPs)
             Began as a Minotaur Berserker on July 27, 2022.
             Was a Priest of Trog.
             Succumbed to Edmund's poison
             ... on level 5 of the Dungeon.
             The game lasted 00:05:04 (5576 turns).

cbfl8 the Chopper (Minotaur Berserker)              Turns: 5576, Time: 00:05:04

Health: -1/91      AC:  8    Str: 21    XL:     7   Next: 29%
Magic:  6/6        EV: 11    Int:  4    God:    Trog [***...]
Gold:   183        SH:  3    Dex: 12    Spells: 6/6 levels left

rFire   . . .      SeeInvis .   a - +0 hand axe
rCold   . . .      Faith    .   i - +0 buckler
rNeg    . . .      Spirit   .   r - +0 scale mail
rPois   .          Reflect  .   (helmet restricted)
rElec   .          Harm     .   (no cloak)
rCorr   .          Rampage  .   (no gloves)
Will    .....                   f - +0 pair of boots
Stlth   ..........              (no amulet)
HPRegen 0.25/turn               (no ring)
MPRegen 0.10/turn               (no ring)

@: berserking, lethally poisoned (-1 -> -43), very quick
A: horns 2, retaliatory headbutt
a: Renounce Religion, Berserk, Trog's Hand


You were on level 5 of the Dungeon.
You worshipped Trog.
Trog was most pleased with you.
You visited 1 branch of the dungeon, and saw 5 of its levels.
You also visited: Sewer.

You collected 183 gold pieces.

Inventory:

Hand Weapons
 a - a +0 hand axe (weapon)
Missiles
 x - a throwing net (quivered)
Armour
 b - a +0 ring mail
 f - a +0 pair of boots (worn)
 i - a +0 buckler (worn)
 q - a +0 leather armour
 r - a +0 scale mail (worn)
Wands
 u - a wand of iceblast (10)
Scrolls
 d - a scroll of enchant weapon {unknown}
 k - 2 scrolls of teleportation {unknown}
 l - a scroll of vulnerability {unknown}
 m - a scroll of summoning {unknown}
 t - a scroll of immolation {unknown}
Potions
 c - a potion of degeneration {unknown}
 e - a potion of invisibility
 g - a potion of mutation {unknown}
 h - 2 potions of heal wounds {unknown}
 j - 2 potions of haste {unknown}
 n - 2 potions of curing {unknown}
 o - a potion of cancellation {unknown}
 p - a potion of flight {unknown}
 s - a potion of berserk rage
 v - 2 potions of magic {unknown}
 w - a potion of brilliance {unknown}


   Skills:
 * Level 5.6 Fighting
 + Level 6.1 Axes
 + Level 3.9 Armour
 * Level 5.0 Dodging
 * Level 2.2 Stealth
 + Level 1.0 Shields


You had 6 spell levels left.
You didn't know any spells.
Your spell library was empty.

Dungeon Overview and Level Annotations

Branches:
Dungeon (5/15)              Sewer (visited)
 Temple: D:4-7

Altars:

Shops:
D:1 :

Annotations:
D:5 Edmund


Innate Abilities, Weirdness & Mutations

You have a pair of horns on your head.
You reflexively headbutt those who attack you in melee.


Message History

Unknown command.
No target in view!
Unknown command.
Unknown command.
You hit something. Your headbutt misses something.
You feel very sick. Something hits you but does no damage.
You are more poisoned.
You closely miss something. Your headbutt misses something.
You feel very sick. Something hits you!
You are more poisoned.
You hit something but do no damage.
You feel extremely sick. Something hits you but does no damage.
You are more poisoned.
You closely miss something. You headbutt something.
You feel extremely sick. Something hits you!
You are more poisoned.
You closely miss something.
* * * LOW HITPOINT WARNING * * *
You feel extremely sick. Something hits you but does no damage.
You are more poisoned.
It was a potion of berserk rage.
A red film seems to cover your vision as you go berserk!
You feel yourself moving faster!
You feel mighty!
* * * LOW HITPOINT WARNING * * *
You feel extremely sick. Something hits you.
* * * LOW HITPOINT WARNING * * *
You are more poisoned.
You slash something!
* * * LOW HITPOINT WARNING * * *
You feel very sick. Something hits you but does no damage.
You are more poisoned.
You barely miss something.
You die...

#..# #.## ##
##.#
####.##..#
.##.....#..#
........#.##
........#.#
........#.#
......†@..#
....$.{..##
.........#
.........#
.........#
........##
........#
##..#####


There were no monsters in sight!

Vanquished Creatures
  Eustachio (D:4)
  A hound (D:5)
  3 jellies (Sewer)
  An iguana (D:5)
  Terence (D:3)
  Natasha (thrice) (D:3)
  An orc wizard (D:4)
  10 adders
  4 river rats (Sewer)
  4 worms
  2 dart slugs (D:1)
  11 orcs
  3 ball pythons (D:1)
  15 endoplasms
  6 giant cockroaches
  6 goblins
  6 hobgoblins
  5 jackals
  3 quokkas
  3 bats
  5 frilled lizards
  5 kobolds
  4 rats
103 creatures vanquished.

Notes
Turn   | Place    | Note
-------+----------+-------------------------------------------
     0 | D:1      | cbfl8 the Minotaur Berserker began the quest for the Orb.
     0 | D:1      | Reached XP level 1. HP: 19/19 MP: 0/0
    67 | D:1      | Found a faded altar of an unknown god.
   217 | D:1      | Found Gotroa's Book Emporium.
   251 | D:1      | Reached XP level 2. HP: 27/27 MP: 1/1
   255 | D:1      | Reached skill level 4 in Axes
   954 | D:2      | Reached XP level 3. HP: 33/33 MP: 2/2
  1341 | D:2      | Reached XP level 4. HP: 33/40 MP: 3/3
  1434 | D:2      | Reached ** piety under Trog
  1866 | D:3      | Noticed Natasha
  1873 | D:3      | Killed Natasha
  1897 | D:3      | Noticed Natasha
  1905 | D:3      | Killed Natasha
  1906 | D:3      | Reached XP level 5. HP: 27/47 MP: 4/4
  2117 | D:3      | Noticed Natasha
  2130 | D:3      | Killed Natasha
  2131 | D:3      | Reached skill level 5 in Axes
  2601 | D:3      | Noticed Terence
  2607 | D:3      | Killed Terence
  2608 | D:3      | Reached skill level 1 in Stealth
  2932 | D:4      | Noticed Eustachio
  2946 | D:4      | Killed Eustachio
  2947 | D:4      | Reached skill level 5 in Fighting
  2947 | D:4      | Reached XP level 6. HP: 56/56 MP: 5/5
  3281 | D:4      | Found a glowing drain.
  3308 | Sewer    | Entered a sewer
  3528 | Sewer    | Reached *** piety under Trog
  4328 | Sewer    | Found a viscous altar of Jiyva.
  4364 | Sewer    | Reached XP level 7. HP: 36/61 MP: 6/6
  5250 | D:4      | Reached skill level 6 in Axes
  5469 | D:5      | Entered Level 5 of the Dungeon
  5520 | D:5      | Reached skill level 5 in Dodging
  5561 | D:5      | Noticed Edmund
  5569 | D:5      | Reached skill level 1 in Shields
  5576 | D:5      | Succumbed to Edmund's poison

Illustrated notes

Levels and vault maps discovered:
D:1:      wander_arrival_chamber, layout_loops_ring,
          shapermc_ecumenical_altar_flowoftime, serial_shops, shop
D:2:      minmay_angry_zag, layout_loops_cross, minmay_misc_feat_square
D:3:      layout_loops_cross, uniq_natasha, uniq_terence
D:4:      layout_gridville, cheibrodos_sewer_entry_bend, uniq_eustachio
D:5:      layout_cave_pods, lemuel_doored_altar, nicolae_shop_overcharged_wands,
          uniq_edmund

Skill      XL: |  1  2  3  4  5  6  7 |
---------------+----------------------+-----
Fighting       | 4 5 |  5.6
Axes           | 4 5 6 |  6.1
Dodging        | 3 4 5 |  5.0
Armour         | 3 |  3.9
Stealth        | 1 2 |  2.2
Shields        | 1 |  1.0

Action                   |  1- 3 |  4- 6 |  7- 9 || total
-------------------------+-------+-------+-------++-------
Melee: Hand axe          |    79 |   178 |    42 ||   299
       Headbutt          |    15 |    38 |     9 ||    62
Invok: Berserk           |       |     1 |       ||     1
  Use: Scroll            |     1 |       |       ||     1
       Potion            |       |       |     1 ||     1
Armor: Animal skin       |    16 |     6 |       ||    22
       Ring mail         |       |     8 |       ||     8
       Scale mail        |       |    33 |    17 ||    50
Dodge: Dodged            |    47 |   106 |    18 ||   171
Block: Buckler           |    12 |    18 |     4 ||    34
